 Dungeon Crawl Stone Soup version 0.26-a0-21-gf97e55dc39 (webtiles) character file.

Game seed: 13583776111219943919, levelgen mode: deterministic

86 Esekla the Grasshopper (level 4, 0/29 HPs)
             Began as an Octopode Warper on May 26, 2020.
             Killed from afar by a dart slug (1 damage)
             ... with a slug dart
             ... on level 5 of the Dungeon.
             The game lasted 00:08:32 (2511 turns).

Esekla the Grasshopper (Octopode Warper)            Turns: 2511, Time: 00:08:33

Health: 0/29       AC:  1    Str: 10    XL:     4   Next: 49%
Magic:  7/7        EV: 14    Int: 15    God:
Gold:   77         SH:  0    Dex: 12    Spells: 3/7 levels left

rFire    . . .     SeeInvis .   a - +0 falchion
rCold    + . .     Gourm    .   (no shield)
rNeg     . . .     Faith    .   (helmet restricted)
rPois    .         Spirit   .   (no amulet)
rElec    .         Reflect  .   n - ring of protection from cold
rCorr    .         Harm     .   (no ring)
MR       .....                  (no ring)
Stlth    ++........             (no ring)
HPRegen  0.09/turn              (no ring)
MPRegen  0.10/turn              (no ring)
                                (no ring)
                                (no ring)

@: confused
A: almost no armour, stealthy swim, amphibious, 8 rings, constrict 8, camouflage
1, gelatinous body 1
a: no special abilities


You were on level 5 of the Dungeon.
You were not hungry.

You visited 1 branch of the dungeon, and saw 5 of its levels.

You collected 77 gold pieces.

Inventory:

Hand Weapons
 a - a +0 falchion (weapon)
Missiles
 d - 5 boomerangs of dispersal (quivered)
Jewellery
 n - a ring of protection from cold (left tentacle)
Scrolls
 c - a scroll of blinking
 i - a scroll of identify {unknown}
 j - a scroll of magic mapping {unknown}
 m - a scroll of amnesia {unknown}
Potions
 b - a potion of heal wounds {unknown}
 e - 4 potions of flight {unknown}
 g - a potion of brilliance {unknown}
 h - 2 potions of curing {unknown}
 k - a potion of berserk rage {unknown}
 l - 2 potions of haste {unknown}
Comestibles
 f - 8 rations


   Skills:
 + Level 2.1 Fighting
 * Level 2.9 Long Blades
 - Level 1.0 Throwing
 * Level 3.2 Dodging
 + Level 1.3 Stealth
 + Level 2.2 Spellcasting
 * Level 0.7 Charms
 * Level 3.3 Translocations


You had 3 spell levels left.
You knew the following spells:

 Your Spells              Type           Power        Failure   Level  Hunger
a - Shroud of Golubria    Chrm/Tloc      #.....       14%         2    ###....
b - Blink                 Tloc           N/A          9%          2    ###....

Your spell library contained the following spells:

 Spells                   Type           Power        Failure   Level  Hunger
 Gell's Gravitas          Tloc           ##........   17%         3    ###....
 Lesser Beckoning         Tloc           ##........   17%         3    ###....
 Teleport Other           Tloc           ##......     17%         3    ###....
 Passage of Golubria      Tloc           N/A          50%         4    #####..


Dungeon Overview and Level Annotations

Branches:
Dungeon (5/15)
 Temple: D:4-7

Altars:
Fedhas


Innate Abilities, Weirdness & Mutations

You cannot wear most types of armour.
You are very stealthy in the water. (Stealth+)
You are amphibious.
You can wear up to eight rings at the same time.
You can use your tentacles to constrict eight enemies at once.
Your skin changes colour to match your surroundings (Stealth+).
Your rubbery body absorbs attacks. (AC +1, EV +1)


Message History

The orc wizard gestures at you while chanting.
The magic dart hits you.
* * * LOW HITPOINT WARNING * * *
You climb downwards.
An ice beast, an orc wizard, a skeleton and a dart slug come into view.
The orc wizard is wielding a +2 dagger of pain.
Found a scroll labeled BIOGO SIRE.
Found a stone staircase leading down.
There is a stone staircase leading up here.
An orc comes into view. It is wielding a +0 mace.
The orc wizard shouts!
The orc shouts!
You hear a shout! x2; You hear a bark!
You hear a shout!
A hound comes into view.
An orc comes into view. It is wielding a +0 falchion.
The orc wizard points at you and mumbles some strange words.
You are confused.
You hear a shout!
Found a scroll labeled BALOHO ESIASIQ.
The dart slug launches a dart at you. The slug dart hits you.
You die...

.. #...?#
.oo#.h..# .#
o..#.Z..# #..
##......#####w.#
...........#....
................
...............#
......>......?..
##.....@<.......
#...##.......#.
.... .........#
###.............
....#........##
..Y##..###.#.#
... ##.. ...# ..
### #.##


You could see an ice beast, a hound, an orc wizard, a dart slug, 2 orcs and an
adder skeleton (wandering).

Vanquished Creatures
  Terence (D:2)
  An adder (D:2)
  A worm (D:2)
  A dart slug (D:2)
  3 leopard geckos
  An orc (D:3)
  7 bats
  4 hobgoblins
  4 jackals (D:3)
  5 kobolds
  A quokka (D:2)
  A ball python (D:1)
  4 frilled lizards
  2 goblins (D:1)
  7 rats
43 creatures vanquished.

Notes
Turn   | Place    | Note
-------+----------+-------------------------------------------
     0 | D:1      | Esekla the Octopode Warper began the quest for the Orb.
     0 | D:1      | Reached XP level 1. HP: 14/14 MP: 3/3
   401 | D:1      | Reached XP level 2. HP: 16/19 MP: 5/5
   409 | D:1      | Learned a level 2 spell: Shroud of Golubria
   412 | D:1      | Learned a level 2 spell: Blink
  1209 | D:1      | Found a blossoming altar of Fedhas.
  1337 | D:2      | Reached XP level 3. HP: 24/24 MP: 4/6
  1532 | D:2      | Noticed Terence
  1543 | D:2      | Killed Terence
  1543 | D:2      | Reached skill level 1 in Stealth
  1543 | D:2      | Reached XP level 4. HP: 17/29 MP: 4/7
  2508 | D:4      | HP: 1/29 [orc wizard/magic dart (5)]
  2509 | D:5      | Entered Level 5 of the Dungeon
  2509 | D:5      | Noticed an ice beast
  2511 | D:5      | Killed from afar by a dart slug

Illustrated notes

Levels and vault maps discovered:
D:1:      dpeg_arrival_lava_altar, layout_basic, corexii_leaking_fountain
D:2:      layout_loops_ring, first_ration, patterned_corridor, uniq_terence
D:3:      layout_basic, tgw_sif, chequers_arboretum, minmay_quantized
D:4:      layout_loops_ring, tgw_xom
D:5:      layout_rooms, nicolae_tso_carved_into_rock, uniq_sigmund,
          uniq_menkaure

Skill      XL: |  1  2  3 |
---------------+----------+-----
Dodging        | 3 |  3.2
Stealth        | 1 |  1.3
Fighting       | |  2.1
Long Blades    | |  2.9
Throwing       | |  1.0
Spellcasting   | |  2.2
Charms         | |  0.7
Translocations | |  3.3

Action                   |  1- 3 |  4- 6 || total
-------------------------+-------+-------++-------
Melee: Falchion          |    63 |    30 ||    93
       Constrict         |    12 |    12 ||    24
       Tentacles         |     8 |     7 ||    15
 Cast: Shroud of Golubri |     3 |     1 ||     4
       Blink             |       |     1 ||     1
 Stab: Sleeping          |     5 |     4 ||     9
  Eat: Chunk             |     2 |     3 ||     5
Armor: Skin              |     5 |     5 ||    10
Dodge: Dodged            |    44 |    19 ||    63
       Rpst.: Falchion   |    14 |     4 ||    18

Table legend:
 A = Non-vault XP
 B = Vault XP
 C = Vault XP percentage of total XP
 D = Non-vault monster count
 E = Vault monster count
 F = Vault count percentage of total count
                 A         B        C        D         E       F
            +---------+---------+-------+---------+---------+-------
      Total |      87 |      36 |  29.3 |      42 |       1 |   2.3
            +---------+---------+-------+---------+---------+-------
        D:1 |      30 |       0 |   0.0 |      18 |       0 |   0.0
        D:2 |      44 |      36 |  45.0 |      18 |       1 |   5.3
        D:3 |      13 |       0 |   0.0 |       6 |       0 |   0.0
            +---------+---------+-------+---------+---------+-------
